 Dungeon Crawl Stone Soup version 0.20-a0-1017-gc3250ce (webtiles) character file.

100 dvd the Chiller (level 4, -4/33 HPs)
             Began as a Draconian Ice Elementalist on Apr 16, 2017.
             Killed by nerve-wracking pain
             ... invoked by Grinder
              (12 damage)
             ... on level 3 of the Dungeon.
             The game lasted 00:05:34 (2265 turns).

dvd the Chiller (Draconian Ice Elementalist)        Turns: 2265, Time: 00:05:35

Health: -4/33      AC:  5    Str: 10    XL:     4   Next: 46%
Magic:  4/8        EV: 12    Int: 16    God:
Gold:   117        SH:  0    Dex: 12    Spells: 2/8 levels left

rFire    . . .     SeeInvis .   a - +0 dagger (speed)
rCold    . . .     Gourm    .   (no shield)
rNeg     . . .     Faith    .   (armour unavailable)
rPois    .         Spirit   .   (helmet restricted)
rElec    .         Reflect  .   (no cloak)
rCorr    .         Harm     .   (no gloves)
MR       .....                  (no boots)
Stlth    ++........             (no amulet)
Regen    0.2/turn               (no ring)
MPRegen  0.2/turn               (no ring)

@: very slightly contaminated
A: unfitting armour, cold-blooded, AC +5
a: no special abilities


You were on level 3 of the Dungeon.
You were near starving.

You visited 1 branch of the dungeon, and saw 3 of its levels.

You collected 117 gold pieces.

Inventory:

Hand Weapons
 a - a +0 dagger of speed (weapon)
 f - a +0 short sword
Jewellery
 l - an uncursed amulet of faith
Scrolls
 c - a scroll of enchant weapon {unknown}
 g - a scroll of identify
 m - a scroll of remove curse
 o - a scroll of teleportation {unknown}
Potions
 d - a potion of heal wounds
 e - 2 potions of cancellation {unknown}
 i - a potion of curing {unknown}
 k - a potion of haste {unknown}
 p - a potion of lignification {unknown}
Books
 n - a book of Frost

   Spells                             Type                      Level
   a - Freeze                         Ice                          1
   b - Throw Frost                    Conjuration/Ice              2
   c - Ozocubu's Armour               Charms/Ice                   3
   d - Throw Icicle                   Conjuration/Ice              4
   e - Summon Ice Beast               Ice/Summoning                4
Comestibles
 b - 2 bread rations
 h - a royal jelly
 j - 2 meat rations


   Skills:
 + Level 0.2 Fighting
 + Level 0.6 Short Blades
 + Level 1.8 Dodging
 + Level 1.9 Stealth
 + Level 2.8 Spellcasting
 + Level 1.0 Conjurations
 + Level 4.5 Ice Magic


You had 2 spell levels left.
You knew the following spells:

 Your Spells              Type           Power        Failure   Level  Hunger
a - Freeze                Ice            ###.         3%          1    #......
b - Throw Frost           Conj/Ice       ##....       12%         2    ##.....
c - Ozocubu's Armour      Chrm/Ice       #.......     28%         3    ###....


Dungeon Overview and Level Annotations

Branches:
Dungeon (3/15)

Altars:

Annotations:
D:3 Grinder


Innate Abilities, Weirdness & Mutations

Your plain brown scales are hard. (AC +5)
You cannot fit into any form of body armour.
You are cold-blooded and may be slowed by cold attacks.


Message History

You suddenly lose the ability to move!
Grinder hits you.
You writhe in agony.
Grinder blinks!
You can move again.
You closely miss Grinder.
Your tail-slap misses Grinder.
Grinder is moderately wounded.
Casting: Freeze
Confirm with . or Enter, or press ? or * to list all spells.
Aiming: Freeze
Press: ? - help, Shift-Dir - straight line, f/p - Grinder
Aim: Grinder (moderately wounded)
You miscast Freeze.
You are very lightly contaminated with residual magic.
Your hands feel numb with cold.
Grinder hits you.
* * * LOW HITPOINT WARNING * * *
A giant cockroach comes into view.
Unknown command.
Grinder gestures at you. Pain shoots through your body!
You die...

#.###....##.##.#.##.##.#
#.##..##.....+.+.+..s..#
#.##.######.##.#.##.####
.....#### #.##.#.##.#
#.......# ##.#.#.#.##
........#. #.#.#.#.#
##......#.###..#.5##
##.#.###.# ##.#.##
#....##.# #.#@#
##....#.# #...# ###..#.#
##)## ##.#.## #..##
#.....# ##..# #...>.#
##.# #.....### #.#
####....# #.# #....# #.#


You could see Grinder and a giant cockroach (wandering).

Vanquished Creatures
  4 adders
  3 oozes
  A dart slug (D:2)
  4 leopard geckos
  4 giant cockroaches
  4 goblins
  6 hobgoblins
  4 jackals (D:2)
  5 kobolds
  A quokka (D:3)
  3 bats
  2 frilled lizards
  3 rats
44 creatures vanquished.

Notes
Turn   | Place    | Note
-------+----------+-------------------------------------------
     0 | D:1      | dvd the Draconian Ice Elementalist began the quest for the Orb.
     0 | D:1      | Reached XP level 1. HP: 14/14 MP: 3/3
   155 | D:1      | Reached XP level 2. HP: 7/20 MP: 0/5
   399 | D:1      | Learned a level 2 spell: Throw Frost
  1077 | D:2      | Reached XP level 3. HP: 24/26 MP: 3/6
  1309 | D:2      | Reached skill level 4 in Ice Magic
  1356 | D:2      | Learned a level 3 spell: Ozocubu's Armour
  1899 | D:2      | Reached XP level 4. HP: 33/33 MP: 1/7
  2222 | D:3      | Noticed Grinder
  2256 | D:3      | Paralysed by Grinder for 6 turns
  2265 | D:3      | Killed from afar by Grinder

Vault maps used:
D:1:      dpeg_arrival_arbitrary_b
D:2:      grunt_ministairs_4
D:3:      old_standard_altar, interstate_on_off, uniq_grinder

Skill      XL: |  1  2  3 |
---------------+----------+-----
Ice Magic      | 4 |  4.5
Fighting       | |  0.2
Short Blades   | |  0.6
Dodging        | |  1.8
Stealth        | |  1.9
Spellcasting   | |  2.8
Conjurations   | |  1.0

Action                   |  1- 3 |  4- 6 || total
-------------------------+-------+-------++-------
Melee: Unarmed           |     4 |       ||     4
       Dagger            |    15 |    13 ||    28
       Tailslap          |     3 |     1 ||     4
 Cast: Freeze            |    47 |    12 ||    59
       Throw Frost       |    11 |     2 ||    13
  Use: Scroll            |     2 |       ||     2
       Potion            |       |     1 ||     1
 Stab: Sleeping          |     3 |     1 ||     4
  Eat: Chunk             |     4 |       ||     4
Armor: Skin              |    20 |     2 ||    22
Dodge: Dodged            |    40 |     8 ||    48
